Workbook
Name CoreER: RateTable!$B$9
Name EI: RateTable!$B$11
Name EN35CF: RateTable!$B$34
Name EN35CS: RateTable!$B$33
Name EN35OF: RateTable!#REF!
Name EN35OS: RateTable!#REF!
Name FedFamily: RateTable!$B$29
Name LTD: RateTable!$B$21
Name MBTax: RateTable!$B$26
Name MBTaxPortion: RateTable!$B$12
Name ONTax: RateTable!$B$27
Name ONTaxPortion: RateTable!$B$13
Name OptFamily: RateTable!$B$23
Name OptSingle: RateTable!$B$22
Name PenEE: RateTable!$B$4
Name PenER: RateTable!$B$5
Name QCTax: RateTable!$B$28
Name QCTaxPortion: RateTable!$B$14
Name RCP: RateTable!$B$10
Name RWBTax: RateTable!$B$30
Name year: RateTable!$B$1

Sheet 2027 Calculator
A1: =CONCATENATE("Budgeting Tools for Treasurers: Calculating Pension & Benefits Deductions and Taxable Benefits ",RateTable!B1) -> Budgeting Tools for Treasurers: Calculating Pension & Benefits Deductions and Taxable Benefits 2027
A2: To calculate Pension and Benefits Deductions: | L2: Optional Benefits Coverage
A3: 1 | B3: ENTER Annual Salary (Pensionable Earnings) | I3: $ | J3: 10000
A5: 2 | B5: ENTER "1" Ministry Personnel & non-ministry personnel, OR ENTER "1.4" Ministry Personnel, if minister lives in manse | J5: 1 | L5: Optional benefits coverage is available under the benefits plans. Employees must enrol in these coverages via the Benefits Centre.
A7: 3 | B7: ENTER payroll frequency (12 for monthly, 24 for semi-monthly, 26 for biweekly) | J7: 12
A9: 4 | B9: ENTER YES/NO for Benefits over 71 | J9: Yes
A10: If the member has Optional Coverage … | L10: Optional Coverage Rates
B11: ENTER Annual premium for Life Insurance - member (see Optional Coverage Rates) | I11: $ | J11: 0 | L11: Optional Life Insurance (Member & Spouse) - MONTHLY amounts
B12: ENTER Annual premium for Life Insurance - spouse (see Optional Coverage Rates) | I12: $ | J12: 0 | M12: Available in units of $10,000
B13: ENTER Annual premium for Disability Death & Dismemberment (see Optional Coverage Rates) | I13: $ | J13: 0 | M13: - up to $500,000 for a member with first $100,000 without evidence of insurability
M14: - up to $150,000 for spouse/partner with first 10,000 without evidence of insurability
F15: Per Pay Premiums + Tax if applicable | M15: Age | N15: Non-Smoker, Male | O15: Smoker, Male | P15: Non-Smoker, Female | Q15: Smoker, Female
F16: Per Pay Premium | M16: up to 30 | N16: 0.5 | O16: 1 | P16: 0.3 | Q16: 0.4
A17: Paid by Member | G17: Manitoba | H17: Ontario | I17: Quebec | M17: 30-34 | N17: 0.5 | O17: 1 | P17: 0.3 | Q17: 0.4
A18: UC Pension Contribution (R CO PEN) | F18: =IF(J9="Yes",0,IF(J3-J5=0, 0, J3*J5*PenEE)/IF(J7=0, 1, J7)) -> 0 | G18: no tax | H18: no tax | I18: no tax | M18: 35-39 | N18: 0.5 | O18: 1.1 | P18: 0.4 | Q18: 0.6
A19: Long Term Disability(to age 64.5 (LTD) | F19: =IF(J9="Yes",0,(J3*J5*LTD)/IF(J7=0, 1, J7)) -> 0 | G19: =F19*MBTax% -> 0 | H19: =F19*ONTax% -> 0 | I19: =F19*QCTax% -> 0 | M19: 40-44 | N19: 0.7 | O19: 1.8 | P19: 0.6 | Q19: 1
A20: Optional Life Insurance - member (LIF MEM) | F20: =IF(J11=0, 0, J11)/ IF(J7=0, 1,J7) -> 0 | G20: =F20*MBTax% -> 0 | H20: =F20*ONTax% -> 0 | I20: =F20*QCTax% -> 0 | M20: 45-49 | N20: 1.2 | O20: 3.3 | P20: 1 | Q20: 1.8
A21: Optional Life Insurance - spouse (LIF SPOUSE) | F21: =IF(J12=0, 0, J12)/ IF(J7=0, 1,J7) -> 0 | G21: =F21*MBTax% -> 0 | H21: =F21*ONTax% -> 0 | I21: =F21*QCTax% -> 0 | M21: 50-54 | N21: 2.2 | O21: 5.6 | P21: 1.6 | Q21: 2.9
A22: Optional Accidental Death & Dismemberment (AD&D) | F22: =IF(J13=0, 0, J13)/ IF(J7=0, 1,J7) -> 0 | G22: =F22*MBTax% -> 0 | H22: =F22*ONTax% -> 0 | I22: =F22*QCTax% -> 0 | M22: 55-59 | N22: 4.1 | O22: 9.5 | P22: 2.6 | Q22: 4.4
E23: Member Totals: | F23: =SUM(F18:F22) -> 0 | G23: =SUM(G18:G22) -> 0 | H23: =SUM(H18:H22) -> 0 | I23: =SUM(I18:I22) -> 0 | M23: 60-64 | N23: 5.5 | O23: 12.7 | P23: 3.2 | Q23: 5.3
F25: Per Pay Premium | L25: Optional Accidental Death & Dismemberment
A26: Paid by Employer | G26: Manitoba | H26: Ontario | I26: Quebec | M26: Available in $10,000 units up to $250,000.
A27: UC Pension Contribution (EMPR PEN) | F27: =IF(J9="Yes",0,(J3*J5*PenER)/IF(J7=0, 1, J7)) -> 0 | G27: no tax | H27: no tax | I27: no tax | M27: Member Only (Single): $0.30 per $10,000 (monthly)
A28: Restorative Care Plan (RCP) | F28: =(J3*J5*RCP)/IF(J7=0, 1, J7) -> 13.333333 | G28: no tax | H28: =F28*ONTax% -> 1.0666667 | I28: =F28*QCTax% -> 1.33 | M28: Member & Family : $0.50 per $10,000 (monthly)
A29: Benefits Plans (CORE BEN) | F29: =(J3*J5*CoreER)/IF(J7=0, 1, J7) -> 72.583333 | G29: =F29*MBTax%*MBTaxPortion -> 0.36734425 | H29: =F29*ONTax%*ONTaxPortion -> 4.8334693 | I29: =F29*QCTax%*QCTaxPortion -> 6.0267321
E30: Employer Totals: | F30: =SUM(F27:F29) -> 85.916667 | G30: =SUM(G27:G29) -> 0.36734425 | H30: =SUM(H27:H29) -> 5.900136 | I30: =SUM(I27:I29) -> 7.3567321
A34: To calculate per pay Federal and Provincial Taxable Benefits:
A35: Federal Taxable Benefit for employees not in receipt of United Church of Canada Pension | I35: AGE of Employee
I36: Under 65 | J36: 65-70 | K36: 71-74 | L36: Over 74
A37: 1 | B37: =CONCATENATE("ENTER "&FedFamily&" if member has familiy coverage; ENTER 0 if single coverage") -> ENTER 4.06 if member has familiy coverage; ENTER 0 if single coverage | I37: =H37 -> 0 | J37: =H37 -> 0 | K37: =H37 -> 0 | L37: =H37 -> 0
A38: 2 | B38: ENTER payroll frequency (12 for monthly, 24 for semi-monthly, 26 for biweekly) | I38: =((IF($J$3-$J$5=0,0,$J$3*$J$5*1.5)*(RateTable!$B$15/1000+RateTable!$B$16/1000)*12)+IF(I37=0,0,I37*12))/IF($H$38=0,1,$H$38) -> 59.76 | J38: =((IF($J$3-$J$5=0,0,MAX(3000,($J$3*$J$5*1.5)/2))*(RateTable!$B$15/1000)*12)+(IF($J$3-$J$5=0,0,MAX(3000,($J$3*$J$5*1.5)/2))*(RateTable!$B$16/1000)*12)+(IF(I37=0,0,I37)*12))/IF($H$38=0,1,$H$38) -> 29.88 | K38: =((IF($J$3-$J$5=0,0,MAX(3000,($J$3*$J$5*1.5)/4))*(RateTable!$B$15/1000)*12)+(IF(J37=0,0,J37)*12))/IF($H$38=0,1,$H$38) -> 13.365 | L38: =((IF($J$3-$J$5=0,0,3000)*(RateTable!$B$15/1000)*12)+(IF(K37=0,0,K37)*12))/IF($H$38=0,1,$H$38) -> 10.692
A39: 3 | B39: =CONCATENATE("ENTER sales tax (Manitoba= ",MBTax," Ontario = ",ONTax,", Quebec = ",QCTax,", all other provinces = 0)") -> ENTER sales tax (Manitoba= 7 Ontario = 8, Quebec = 9.975, all other provinces = 0) | I39: =($H$39/100+1)*I38 -> 59.76 | J39: =($H$39/100+1)*J38 -> 29.88 | K39: =($H$39/100+1)*K38 -> 13.365 | L39: =($H$39/100+1)*L38 -> 10.692 | M39: <===Federal Taxable Benefit Amount
J51: AGE of Employee
A52: Quebec Employees Only | J52: Under 65 | K52: 65-70 | L52: 71-74 | M52: Over 74
B53: Provincial Taxable Benefit - use Federal Taxable Benefit amount | I53: Provincial Taxable Benefit amount: | J53: =I39 -> 59.76 | K53: =J39 -> 29.88 | L53: =K39 -> 13.365 | M53: =L39 -> 10.692
B55: Provincial Medical Plan | F55: ENTER payroll frequencyin the appropriate box below
B56: Single coverage - core benefits (default) | E56: =EN35CS -> 0 | J56: =IF(F56=0, 0, E56/F56) -> 0
B57: Family coverage - core benefits | E57: =EN35CF -> 0 | J57: =IF(F57=0, 0, E57/F57) -> 0 | L57: Quebec Taxable Medical Plan: employees who are covered by an employer sponsored Medical Plan are subject to additional taxation. Full details are contained in a circular (IN253) from Revenu Quebec http://www.revenuquebec.ca/documents/en/publications/in/in-253-v(2014-10).pdf. This document sets out how this taxable benefit is assessed in our specific circumstances, as our Health & Dental plan is not backed by an insurance policy. Details of the calculation we use to assess the taxable benefit are on pages 22-24. We are required to calculate a monthly value (see above) based on a reasonable estimate of the annual claims for each distinct benefit group (Core Single, Core Family, Optional Single, Optional Family). Each December we provide a 'true-up' value to reflect actual claims.

Sheet RateTable
A1: Rates | B1: 2027 | G1: Benefit | H1: rate | I1: MB | J1: ON | K1: QC
G2: Basic Life | H2: 0.49 | I2: =H2 -> 0.49 | J2: =H2 -> 0.49 | K2: =H2 -> 0.49
A3: Pension | G3: Pensioner Life | H3: 0.03 | I3: =H3 -> 0.03 | J3: =H3 -> 0.03 | K3: =H3 -> 0.03
A4: Employee | B4: 0.06 | G4: Dependent Life | H4: 0.05 | I4: =H4 -> 0.05 | J4: =H4 -> 0.05 | K4: =H4 -> 0.05
A5: Employer | B5: 0.09 | G5: AD&D | H5: 0.06 | I5: =H5 -> 0.06 | J5: =H5 -> 0.06 | K5: =H5 -> 0.06
G6: Health | H6: 5.09 | J6: =H6 -> 5.09 | K6: =H6 -> 5.09
A7: Benefits | G7: Dental | H7: 1.53 | J7: =H7 -> 1.53 | K7: =H7 -> 1.53
A8: Employer | G8: EAP | H8: 0.11
A9: Core | B9: =H11% -> 0.0871 | G9: Administration Expense | H9: 1.35
A10: RCP | B10: 0.016
G11: Total | H11: =SUM(H2:H9) -> 8.71 | I11: =SUM(I2:I9)/$H$11 -> 0.072330654 | J11: =SUM(J2:J9)/$H$11 -> 0.83237658 | K11: =SUM(K2:K9)/$H$11 -> 0.83237658 | L11: <= taxable % of core
A12: MBTaxPortion | B12: =ROUND(I11,4) -> 0.0723 | AJ12: Yes
A13: ONTaxPortion | B13: =ROUND(J11,4) -> 0.8324 | AJ13: No
A14: QCTaxPortion | B14: =ROUND(K11,4) -> 0.8324
A15: Basic Life (Active) | B15: 0.297
A16: Accidental Death and Dismemberment | B16: 0.035
A17: Dependant Life | B17: 4.059
A18: Basic Life (Retiree) | B18: 3.35
A20: Employee
A21: LTD | B21: 0.0301
A22: Opt H&D Single | B22: 0 | C22: 0
A23: Opt H&D Family | B23: 0 | C23: 0
A25: Taxes
A26: Manitoba | B26: 7
A27: Ontario | B27: 8
A28: Quebec | B28: 9.975
A29: Federal | B29: =ROUND(B17,2) -> 4.06 | C29: Equals to Dependant Life
A30: Pennsioner Taxable | B30: =ROUND(B18*3,2)*12 -> 120.6 | C30: Goes up and down with the Pensioner Life benefit. Increase or decrease by the % of pensioner life change.
A32: QC Taxable Medical Benefit 2027 Placeholder Values
A33: Core Single
A34: Core Family
